 Dungeon Crawl Stone Soup version 0.30-a0-627-gc11e7ae810 (webtiles) character file.

Game seed: 18407683397314376658

1056 Bnni the Covert (level 8, -1/42 HPs)
             Began as a Vine Stalker Brigand on Jan 12, 2023.
             Was a Follower of Uskayaw.
             Slain by an iguana (8 damage)
             ... on level 4 of the Dungeon.
             The game lasted 00:07:51 (3344 turns).

Bnni the Covert (Vine Stalker Brigand)              Turns: 3344, Time: 00:07:52

Health: -1/42      AC: 11    Str: 13    XL:     8   Next: 26%
Magic:  0/9        EV:  5    Int: 11    God:    Uskayaw [*.....]
Gold:   227        SH:  0    Dex: 19    Spells: 7/7 levels left

rFire   . . .      SeeInvis .    a - +2 dagger
rCold   . . .      Faith    .    (no shield)
rNeg    . . .      Spirit   +    u - +0 chain mail
rPois   .          Reflect  .    (no helmet)
rElec   .          Harm     .    c - +0 cloak
rCorr   .          Rampage  .    n - +1 pair of gloves
Will    +....                    (no boots)
Stlth   +                        m - amulet of regeneration
HPRegen 1.87/turn                (no ring)
MPRegen 0.11/turn                (no ring)

@: no status effects
A: fangs 3, regeneration 1, magic shield, antimagic bite, no potion heal 2
a: Renounce Religion, Stomp


You were on level 4 of the Dungeon.
You worshipped Uskayaw.
Uskayaw was noncommittal.
You visited 2 branches of the dungeon, and saw 6 of its levels.

You collected 227 gold pieces.

Inventory:

Hand Weapons
 a - a +2 dagger (weapon)
 q - a +0 rapier
Missiles
 d - 13 poisoned darts (quivered)
 e - a curare-tipped dart
Armour
 c - a +0 cloak (worn)
 n - a +1 pair of gloves (worn)
 u - a +0 chain mail (worn)
 v - a +0 kite shield
Jewellery
 m - an amulet of regeneration (around neck)
 w - an amulet of reflection
Scrolls
 b - a scroll of fear {unknown}
 f - 2 scrolls of immolation {unknown}
 i - a scroll of brand weapon {unknown}
 l - a scroll of enchant weapon {unknown}
 r - 3 scrolls of teleportation {unknown}
 s - 2 scrolls of magic mapping {unknown}
 y - a scroll of poison {unknown}
Potions
 g - a potion of flight
 h - 2 potions of curing
 j - a potion of magic
 k - 2 potions of haste {unknown}
 p - 3 potions of cancellation {unknown}


   Skills:
 + Level 3.9 Fighting
 * Level 5.3 Short Blades
 - Level 1.7 Throwing
 - Level 0.7 Dodging
 * Level 8.7 Stealth
 + Level 2.7 Shields
 + Level 0.1 Invocations


You had 7 spell levels left.
You didn't know any spells.
Your spell library was empty.

Dungeon Overview and Level Annotations

Branches:
Dungeon (5/15)             Temple (1/1) D:4

Altars:
Ashenzari
Gozag
Nemelex Xobeh
Sif Muna
Uskayaw

Shops:
D:4 =**?

Annotations:
D:4 Ijyb


Innate Abilities, Weirdness & Mutations

You have razor-sharp teeth.
Your natural rate of healing is unusually fast.
When hurt, damage is shared between your health and your magic reserves.
Your bite disrupts and absorbs the magic of your enemies.
Potions cannot restore your health.


Message History

Things that are here:
a scroll of noise; a potion of heal wounds You start resting.
HP restored.
You start resting.
Magic restored.
You climb downwards.
Level annotation: Ijyb The iguana bites you.
The ogre hits you with a +0 giant club!
Ijyb grins evilly.
The iguana bites you.
There is a stone staircase leading up here.
The ogre barely misses you. The iguana completely misses you.
Ijyb hits you but does no damage.
You climb upwards.
There is a stone staircase leading down here.
Things that are here:
a scroll of noise; a potion of heal wounds Throw: 3 darts (curare)
Press: ? - help, Shift-Dir - straight line, f - ogre
Aim: an ogre, wielding a +0 giant club (lightly wounded, 76% to hit)
You throw a curare-tipped dart. The curare-tipped dart hits the ogre.
The ogre is poisoned.
The ogre convulses.
The ogre seems to slow down.
The ogre is moderately wounded.
Ijyb screams, "I no like you!"
Ijyb zaps a wand.
The bolt of light hits you!!
* * * LOW HITPOINT WARNING * * *
The iguana bites you but does no damage.
The ogre hits you with a +0 giant club!
* * * LOW HITPOINT WARNING * * *
Throw: 2 darts (curare)
Press: ? - help, Shift-Dir - straight line, f - Ijyb, p - ogre
Aim: Ijyb, wielding a +0 dagger, wearing a +3 ring mail of fire resistance and carrying a wand of light (10) (58% to hit)
You throw a curare-tipped dart. The curare-tipped dart hits Ijyb.
Ijyb is poisoned.
Ijyb convulses.
Ijyb seems to slow down.
Ijyb is moderately wounded.
The iguana bites you!
You die...

#..#.#.....##.#+###
#.##.###
#..#.#......)....# #.##.#
#..#.#####..##.#.# #.##.#
####.#.........#.#
#.##.####
.....#.####......#
#.......# ######.#
####.#.# ####..#(####
.......# #.#.#
#........... ########
#.#l# #.###....### ##
####.g@#####.# #....# # .#
#....O##<....# #....### ##
#.....##########......# .#
####.....# #.......#.#.#
.# #..'.....#
#.......#.#.# .#
#.##.....#############.#.#
###
#.##.................).#.#
..#
#8...8...###############..
..######........# ###


You could see an ogre (very poisoned, slow), Ijyb (very poisoned, slow) and an
iguana.

Vanquished Creatures
  Pikel (D:4)
  Menkaure (D:4)
  A sky beast (D:4)
  3 lemures
  2 jellies (D:4)
  A hound (D:4)
  2 orc priests (D:4)
  Natasha (twice) (D:3)
  Terence (D:3)
  4 adders
  2 worms (D:2)
  3 dart slugs
  8 orcs
  6 endoplasms
  4 giant cockroaches
  5 goblins
  8 hobgoblins
  10 kobolds
  8 ball pythons
  7 bats
  A frilled lizard (D:2)
  5 rats
85 creatures vanquished.

Notes
Turn   | Place    | Note
-------+----------+-------------------------------------------
     0 | D:1      | Bnni the Vine Stalker Brigand began the quest for the Orb.
     0 | D:1      | Reached XP level 1. HP: 11/11 MP: 2/2
    89 | D:1      | Reached skill level 5 in Stealth
   140 | D:1      | Reached XP level 2. HP: 15/15 MP: 3/3
   702 | D:2      | Reached XP level 3. HP: 18/18 MP: 4/4
  1077 | D:2      | Found a faded altar of an unknown god.
  1471 | D:3      | Found a shimmering blue altar of Sif Muna.
  1686 | D:3      | Noticed Terence
  1695 | D:3      | Killed Terence
  1696 | D:3      | Gained mutation: Your natural rate of healing is unusually
                  | fast. [Vine Stalker growth]
  1696 | D:3      | Reached XP level 4. HP: 19/23 MP: 5/5
  1743 | D:3      | Reached skill level 6 in Stealth
  1919 | D:3      | Reached XP level 5. HP: 27/27 MP: 6/6
  1941 | D:3      | Noticed Natasha
  1949 | D:3      | Killed Natasha
  2077 | D:3      | Noticed Natasha
  2084 | D:3      | Killed Natasha
  2115 | D:4      | Found Guss's General Store.
  2195 | D:4      | Found a staircase to the Ecumenical Temple.
  2203 | D:4      | Found Xutisedo's Assorted Antiques.
  2227 | Temple   | Entered the Ecumenical Temple
  2239 | Temple   | Became a worshipper of Uskayaw the Reveller
  2253 | D:4      | Reached * piety under Uskayaw
  2328 | D:4      | Noticed a lemure
  2329 | D:4      | Noticed a lemure
  2329 | D:4      | Noticed a lemure
  2331 | D:4      | Noticed a lemure
  2412 | D:3      | Reached ** piety under Uskayaw
  2414 | D:3      | Reached *** piety under Uskayaw
  2415 | D:3      | Killed a lemure
  2435 | D:3      | Reached **** piety under Uskayaw
  2442 | D:3      | Reached ***** piety under Uskayaw
  2444 | D:3      | Killed a lemure
  2451 | D:4      | Killed a lemure
  2466 | D:4      | Reached XP level 6. HP: 24/32 MP: 3/7
  2468 | D:4      | Reached ****** piety under Uskayaw
  2472 | D:4      | Reached skill level 1 in Shields
  2472 | D:4      | Found Kakhlat's Magic Scroll Emporium.
  2527 | D:4      | Noticed Menkaure
  2551 | D:4      | Killed Menkaure
  2552 | D:4      | Reached skill level 7 in Stealth
  2712 | D:4      | Noticed Pikel
  2732 | D:4      | HP: 1/32 [Pikel/+0 whip of electrocution (12)]
  2735 | D:4      | Killed Pikel
  2736 | D:4      | Reached skill level 5 in Short Blades
  2736 | D:4      | Reached skill level 8 in Stealth
  2736 | D:4      | Reached XP level 7. HP: 8/37 MP: 0/8
  2736 | D:4      | Gained mutation: You have razor-sharp teeth. [Vine Stalker
                  | growth]
  2736 | D:4      | Reached XP level 8. HP: 9/42 MP: 0/9
  2846 | D:4      | Found an opulent altar of Gozag.
  3068 | D:4      | Found a sparkling altar of Nemelex Xobeh.
  3200 | D:4      | Found Obbuzuah's Jewellery Shoppe.
  3289 | D:5      | Entered Level 5 of the Dungeon
  3291 | D:5      | Noticed Ijyb
  3344 | D:4      | Slain by an iguana

Illustrated notes

Levels and vault maps discovered:
D:1:      matt_arrival_refuge, layout_loops_ring, serial_glass, glass_columns_a,
          glass_columns_a
D:2:      layout_loops_ring, dreamdust_ecumenical_altar_statues
D:3:      layout_basic, mainiacjoe_overflow_brackets, uniq_natasha, uniq_terence
D:4:      layout_basic, nemelex_spade_bored_becter,
          nicolae_gozag_cash_rules_everything_around_me, temple_pool_b,
          serial_shops, nicolae_shop_behind_doors, nicolae_lakefront_shop,
          nicolae_stop_n_shop_1, shop, uniq_menkaure, uniq_pikel
D:5:      layout_rooms, old_standard_altar, hangedman_decor_peaks_small,
          uniq_ijyb, uniq_edmund, uniq_prince_ribbit1
Temple:   nicolae_temple_bog_church

Skill      XL: |  1  2  3  4  5  6 |
---------------+-------------------+-----
Stealth        | 5 6 8 |  8.7
Short Blades   | 2 3 5 |  5.3
Fighting       | 2 3 |  3.9
Shields        | 2 |  2.7
Throwing       | |  1.7
Dodging        | |  0.7
Invocations    | |  0.1

Action                   |  1- 3 |  4- 6 |  7- 9 || total
-------------------------+-------+-------+-------++-------
Melee: Dagger            |   110 |   182 |    66 ||   358
       Bite              |    29 |    63 |    18 ||   110
       Punch             |       |     2 |       ||     2
Throw: Dart              |     1 |     5 |     2 ||     8
  Use: Scroll            |       |       |     4 ||     4
 Stab: Sleeping          |     6 |       |       ||     6
       Paralysed         |       |     3 |     2 ||     5
Armor: Ring mail         |    35 |     5 |       ||    40
       Robe              |     1 |       |       ||     1
       Chain mail        |       |   109 |    25 ||   134
Dodge: Dodged            |    47 |    38 |    11 ||    96

Table legend: (Time is in decaauts)
 A = Elapsed time spent in this place.
 B = Non-inter-level travel time spent in this place.
 C = Inter-level travel time spent in this place.
 D = Time resting spent in this place.
 E = Time spent auto-exploring this place.
 F = Levels seen in this place.
 G = Mean time per level.
                   A        B        C        D        E       F      G
               +--------+--------+--------+--------+--------+-----+--------+
         Total |   3289 |   3140 |    149 |     50 |   2273 |   6 |  548.2 |
       Dungeon |   3269 |   3126 |    143 |     50 |   2268 |   5 |  653.8 |
        Temple |     20 |     14 |      6 |      0 |      5 |   1 |   20.0 |
               +--------+--------+--------+--------+--------+-----+--------+

Top non-repeatable levels by time:
     D:4: 1104 daAuts
     D:2: 758 daAuts
     D:3: 702 daAuts
     D:1: 693 daAuts
  Temple: 20 daAuts
     D:5: 11 daAuts
